 Dungeon Crawl Stone Soup version 0.29-a0-11-ga75d3d97ab (webtiles) character file.

Game seed: 15631549976667722237

3738 issech the Cudgeller (level 9, -3/80 HPs)
             Began as a Troll Monk on Jan 29, 2022.
             Was an Elder of Hepliaklqana.
             Slain by a fire elemental (8 damage)
             ... summoned by a deep elf pyromancer
             ... on level 8 of the Dungeon.
             The game lasted 00:36:10 (9823 turns).

issech the Cudgeller (Troll Monk)                   Turns: 9823, Time: 00:36:10

Health: -3/80      AC:  6    Str: 21    XL:     9   Next: 93%
Magic:  8/8        EV:  9    Int:  9    God:    Hepliaklqana [****..]
Gold:   261        SH: 13    Dex: 16    Spells: 8/8 levels left

rFire   . . .      SeeInvis .   C - +1 whip (venom)
rCold   . . .      Faith    .   L - +0 tower shield
rNeg    . . .      Spirit   .   b - +0 robe
rPois   .          Reflect  .   m - +2 hat {Int+3}
rElec   .          Harm     .   B - scarf {+Inv}
rCorr   .          Rampage  .   (gloves unavailable)
Will    .....                   (boots unavailable)
Stlth   ++........              (no amulet)
HPRegen 1.03/turn               (no ring)
MPRegen 0.11/turn               (no ring)

@: no status effects
A: reduced essence, large, unfitting armour, claws 3, regeneration 1, shaggy fur
1, tough skin 1
a: Renounce Religion, Evoke Invisibility, Recall Ancestor, Ancestor Identity,
Transference, Idealise


You were on level 8 of the Dungeon.
You worshipped Hepliaklqana.
Hepliaklqana was greatly pleased with you.
You visited 2 branches of the dungeon, and saw 9 of its levels.

You collected 391 gold pieces.
You spent 130 gold pieces at shops.

Inventory:

Hand Weapons
 a - a +0 mace
 k - a +3 dagger
 o - a +0 hand crossbow
 r - a +0 short sword of venom
 s - a +0 halberd
 t - a +2 halberd of distortion
 u - a +2 falchion of flaming
 C - a +1 whip of venom (weapon)
 D - a +0 giant spiked club
 G - a +2 war axe of freezing
 H - a +0 giant club
 K - a +0 hand axe of venom
 N - a +0 shortbow
 P - a +1 short sword of venom
 T - a +3 great sword
 U - a +3 battleaxe
Missiles
 c - 159 stones (quivered)
 e - 34 poisoned darts
 h - 149 arrows
 p - 84 bolts
 w - a throwing net
 V - 5 atropa-tipped darts
 W - 5 boomerangs
Armour
 b - a +0 robe (worn)
 m - a +2 hat of intelligence (worn)
 B - a scarf of invisibility (worn)
 L - a +0 tower shield (worn)
Magical Staves
 n - a staff of poison
 Q - a staff of air
Wands
 F - a wand of flame (5)
 S - a wand of polymorph (10)
Scrolls
 g - 4 scrolls of teleportation
 i - 2 scrolls of immolation
 j - 2 scrolls of fear
 l - 2 scrolls of enchant armour
 q - 2 scrolls of blinking
 y - 5 scrolls of amnesia
 z - 3 scrolls of vulnerability
Potions
 d - a potion of brilliance {unknown}
 f - 5 potions of heal wounds {unknown}
 v - 3 potions of attraction {unknown}
 x - 3 potions of mutation {unknown}
 E - 2 potions of haste {unknown}
 I - a potion of berserk rage {unknown}
 J - 2 potions of curing {unknown}
 M - a potion of ambrosia {unknown}
 X - a potion of degeneration {unknown}


   Skills:
 + Level 5.9 Fighting
 + Level 4.0 Long Blades
 + Level 6.9 Maces & Flails
 + Level 5.7 Dodging
 + Level 3.5 Stealth
 + Level 3.4 Shields


You had 8 spell levels left.
You didn't know any spells.
Your spell library contained the following spells:

 Spells                   Type           Power      Damage    Failure   Level
 Apportation              Tloc           0%         N/A       96%         1
 Call Canine Familiar     Summ           0%         N/A       100%        3
 Frozen Ramparts          Ice            0%         1d2       100%        3
 Portal Projectile        Hex/Tloc       0%         N/A       100%        3
 Ice Form                 Ice/Tmut       0%         N/A       100%        4
 Leda's Liquefaction      Hex/Erth       0%         N/A       100%        4
 Summon Ice Beast         Ice/Summ       0%         N/A       100%        4
 Alistair's Intoxication  Tmut/Pois      0%         N/A       100%        5


Dungeon Overview and Level Annotations

Branches:
Dungeon (8/15)             Temple (1/1) D:4
   Lair: D:8-11

Altars:
Ashenzari
Cheibriados
Dithmenos
Elyvilon
Fedhas
Gozag
Hepliaklqana
Kikubaaqudgha
Makhleb
Nemelex Xobeh
Okawaru
Qazlal
Ru
Sif Muna
Trog
Uskayaw
Vehumet
Wu Jian
Xom
Yredelemnul
Zin
The Shining One

Shops:
D:5 [*=


Innate Abilities, Weirdness & Mutations

Your life essence is reduced to manifest your ancestor. (-10% HP)
You are too large for most types of armour.
You have claws for hands.
Your natural rate of healing is unusually fast.
You are covered in fur. (AC +1)
You have tough skin. (AC +1)


Message History

You are covered in liquid flames!
You block the deep elf pyromancer's attack.
The fire elemental hits you. The fire elemental burns you!
Thulani gestures at the deep elf pyromancer while chanting.
The stone arrow hits the deep elf pyromancer!
You barely miss the deep elf pyromancer.
The deep elf pyromancer is heavily wounded.
You are covered in liquid flames!
You block the fire elemental's attack.
The deep elf pyromancer barely misses you.
The fire elemental closely misses you.
You hit the deep elf pyromancer.
The deep elf pyromancer is poisoned.
The deep elf pyromancer is heavily wounded.
You are covered in liquid flames!
The deep elf pyromancer hits you but does no damage.
Thulani hits the deep elf pyromancer but does no damage.
You block the fire elemental's attack.
You hit the deep elf pyromancer.
The deep elf pyromancer looks as sick as possible!
The deep elf pyromancer is heavily wounded.
You are covered in liquid flames!
The deep elf pyromancer casts a spell at you.
The sticky flame hits you!
You are covered in liquid flames!
* * * LOW HITPOINT WARNING * * *
The fire elemental hits you.
* * * LOW HITPOINT WARNING * * *
The fire elemental burns you!
* * * LOW HITPOINT WARNING * * *
Thulani casts a spell at the deep elf pyromancer.
The puff of frost hits the deep elf pyromancer.
You catch the helpless deep elf pyromancer completely off-guard!
You hit the deep elf pyromancer.
The deep elf pyromancer looks as sick as possible!
The deep elf pyromancer is almost dead.
You are covered in liquid flames!
* * * LOW HITPOINT WARNING * * *
You are no longer on fire.
The fire elemental hits you. The fire elemental burns you!
You die...

..##........).)).................
.##....###########.#####.........
.##....#..+$.8'..#.# ###.......
.#.....#..+...'..#.## ###.....
.....#.#..+:.8'..#..#######......
#....#.#..#+++#..#...............
....##.#..#...#.E#...............
.##..#.#..#...#Ee#..####.........
###....#..#...#R@#..# #.......#..
# ##...#..#...#..#.####......##..
# #...#..#...#..#..........##...
## #...#).8...8..#..........##...
.###....)..............###..#..##
..##....)#.#..###.#....# ##...##.
#....#...#...####......# #..####
....####.###...........#####.## #
###.# #..##.....[.###...#....###


You could see the friendly Thulani the battlemage, a deep elf pyromancer
(extremely poisoned, ally target) and 2 fire elementals.

Vanquished Creatures
  A hornet (D:8)
  Grinder (D:3)
  A yak (D:8)
  An ice beast (D:6)
  A black bear (D:5)
  2 necrophages (D:5)
  2 ogres
  2 centaurs (D:8)
  A kobold brigand (D:8)
  A scorpion (D:4)
  A water moccasin skeleton (D:3)
  A bullfrog zombie (D:5)
  A jelly (D:8)
  A centaur skeleton (D:5)
  A gnoll shaman (D:2)
  An orc priest (D:4)
  10 gnolls
  4 adders
  A white imp (D:8)
  An adder skeleton (D:4)
  4 worms
  2 dart slugs
  7 orcs
  7 endoplasms
  A giant cockroach (D:2)
  5 goblins
  2 hobgoblins
  2 jackals (D:2)
  13 kobolds
  3 quokkas
  6 ball pythons
  3 bats
  A frilled lizard (D:3)
  5 rats
96 creatures vanquished.

Vanquished Creatures (collateral kills)
  2 yaks (D:8)
  A steam dragon (D:8)
  A water moccasin (D:6)
  2 ice beasts
  A sky beast (D:6)
  2 necrophages
  An ogre (D:6)
  A phantom (D:6)
  A bullfrog (D:4)
  A kobold brigand (D:8)
  A wyvern zombie (D:7)
  3 scorpions (D:5)
  A gnoll sergeant (D:5)
  4 wights (D:7)
  A jelly (D:5)
  4 hounds
  An iguana (D:6)
  An orc wizard (D:6)
  3 adders
  2 gnolls
  A shadow imp (D:5)
  A white imp (D:7)
  A worm (D:5)
  8 orcs
  A goblin (D:4)
  8 kobolds
54 creatures vanquished.

Vanquished Creatures (others)
  3 battlemagi
3 creatures vanquished.

Grand Total: 153 creatures vanquished

Notes
Turn   | Place    | Note
-------+----------+-------------------------------------------
     0 | D:1      | issech the Troll Monk began the quest for the Orb.
     0 | D:1      | Reached XP level 1. HP: 22/22 MP: 0/0
   403 | D:1      | Reached XP level 2. HP: 29/29 MP: 1/1
   634 | D:1      | Found a faded altar of an unknown god.
  1144 | D:2      | Reached XP level 3. HP: 24/36 MP: 2/2
  1241 | D:2      | Reached skill level 3 in Maces & Flails
  2297 | D:3      | Reached XP level 4. HP: 37/44 MP: 3/3
  2400 | D:3      | Found a burning altar of Makhleb.
  2501 | D:3      | Noticed Grinder
  2504 | D:3      | Paralysed by Grinder for 5 turns
  2533 | D:3      | Paralysed by Grinder for 6 turns
  2554 | D:3      | Paralysed by Grinder for 5 turns
  2582 | D:3      | Paralysed by Grinder for 6 turns
  2599 | D:3      | Killed Grinder
  2600 | D:3      | Reached skill level 4 in Maces & Flails
  2600 | D:3      | Reached XP level 5. HP: 42/53 MP: 4/4
  2600 | D:3      | Reached XP level 6. HP: 48/61 MP: 5/5
  2699 | D:3      | HP: 2/61 [gnoll (26)]
  3063 | D:3      | Found a sacrificial altar of Ru.
  4073 | D:4      | Found a staircase to the Ecumenical Temple.
  4078 | Temple   | Entered the Ecumenical Temple
  4508 | Temple   | Became a worshipper of Hepliaklqana the Forgotten
  4508 | Temple   | Reached * piety under Hepliaklqana
  4508 | Temple   | Reached ** piety under Hepliaklqana
  4509 | Temple   | Remembered your ancestor Thulani as a battlemage
  4576 | D:4      | Reached skill level 5 in Maces & Flails
  4577 | D:4      | Reached XP level 7. HP: 41/63 MP: 6/6
  4580 | D:4      | Reached skill level 1 in Long Blades
  5709 | D:5      | Entered Level 5 of the Dungeon
  6016 | D:5      | Reached XP level 8. HP: 71/71 MP: 7/7
  6303 | D:5      | Found Vad Geha's Assorted Antiques.
  6334 | D:5      | Found Coxoag's Antique Armour Emporium.
  6349 | D:5      | Bought a tower shield for 130 gold pieces
  6443 | D:5      | Found Egecam's Jewellery Boutique.
  6470 | D:5      | Reached *** piety under Hepliaklqana
  7005 | D:6      | Reached skill level 5 in Fighting
  7121 | D:6      | Reached XP level 9. HP: 79/79 MP: 8/8
  7125 | D:6      | Reached skill level 6 in Maces & Flails
  7125 | D:6      | Reached skill level 1 in Shields
  7760 | D:7      | Reached **** piety under Hepliaklqana
  7940 | D:7      | Reached skill level 5 in Dodging
  8762 | D:8      | Paralysed by a hornet for 1 turns
  8765 | D:8      | Paralysed by a hornet for 1 turns
  9486 | D:8      | Noticed a deep elf pyromancer
  9669 | D:7      | Identified a scroll of acquirement
  9669 | D:7      | Acquired a +2 hat of intelligence
  9823 | D:8      | HP: 4/80 [burnt (6)]
  9823 | D:8      | Slain by a fire elemental

Illustrated notes

Levels and vault maps discovered:
D:1:      nzn_arrival_depleted_hourglass, layout_basic,
          dreamdust_ecumenical_altar_statues
D:2:      layout_basic, nicolae_elevator_lobby_plus
D:3:      layout_loops_cross, lemuel_round_altar, mainiacjoe_overflow_24_doors,
          serial_rivers, chequers_serial_rivers_room_a,
          chequers_serial_rivers_small_b, chequers_serial_rivers_room_b,
          chequers_serial_rivers_large_b, uniq_grinder
D:4:      layout_layer_cave, temple_doors_e
D:5:      layout_loops_ring, serial_shops, nicolae_shop_statue_plus, shop,
          nicolae_lakefront_shop, minmay_between
D:6:      layout_cave_pools
D:7:      layout_cave_pools
D:8:      layout_layer_cave, guppyfry_early_elven_hall
Temple:   mainiacjoe_temple_big_plus

Skill      XL: |  1  2  3  4  5  6  7  8  9 |
---------------+----------------------------+-----
Maces & Flails | 3 4 5 6 |  6.9
Fighting       | 3 4 5 |  5.9
Dodging        | 3 4 5 |  5.7
Long Blades    | 2 4 |  4.0
Stealth        | 2 3 |  3.5
Shields        | 3 |  3.4

Action                   |  1- 3 |  4- 6 |  7- 9 || total
-------------------------+-------+-------+-------++-------
Melee: Mace              |   122 |    88 |       ||   210
       Falchion          |       |    28 |    58 ||    86
       Punch             |       |     2 |     1 ||     3
       Whip              |       |       |   144 ||   144
       Giant spiked club |       |       |    14 ||    14
Invok: Ancestor Life: Ba |       |     1 |       ||     1
  Use: Scroll            |       |       |    12 ||    12
 Stab: Sleeping          |     3 |     1 |     6 ||    10
       Distracted        |       |       |     6 ||     6
Armor: Robe              |    30 |    25 |    56 ||   111
Dodge: Dodged            |    56 |    75 |   107 ||   238
Block: Tower shield      |       |       |   124 ||   124

Table legend: (Time is in decaauts)
 A = Elapsed time spent in this place.
 B = Non-inter-level travel time spent in this place.
 C = Inter-level travel time spent in this place.
 D = Time resting spent in this place.
 E = Time spent auto-exploring this place.
 F = Levels seen in this place.
 G = Mean time per level.
                   A        B        C        D        E       F      G
               +--------+--------+--------+--------+--------+-----+--------+
         Total |   9997 |   9626 |    371 |    749 |   4252 |   9 | 1110.8 |
       Dungeon |   9544 |   9233 |    311 |    749 |   3868 |   8 | 1193.0 |
        Temple |    453 |    393 |     60 |      0 |    384 |   1 |  453.0 |
               +--------+--------+--------+--------+--------+-----+--------+

Top non-repeatable levels by time:
     D:3: 1806 daAuts
     D:2: 1300 daAuts
     D:4: 1299 daAuts
     D:5: 1170 daAuts
     D:8: 1157 daAuts
     D:1: 992 daAuts
     D:7: 979 daAuts
     D:6: 838 daAuts
  Temple: 453 daAuts
